 Dungeon Crawl Stone Soup version 0.21-a0-104-g7b58145 (webtiles) character file.

209 MackTheKnife the Poker (level 5, -6/37 HPs)
             Began as a Merfolk Wanderer on July 6, 2017.
             Killed from afar by an orc wizard (8 damage)
             ... with a puff of flame
             ... on level 3 of the Dungeon.
             The game lasted 00:03:38 (3072 turns).

MackTheKnife the Poker (Merfolk Wanderer)           Turns: 3072, Time: 00:03:39

Health: -6/37      AC:  5    Str: 13    XL:     5   Next: 87%
Magic:  6/6        EV: 15    Int: 12    God:
Gold:   79         SH:  0    Dex: 18    Spells: 6/6 levels left

rFire    . . .     SeeInvis .   o - +0 halberd
rCold    . . .     Gourm    .   (shield currently unavailable)
rNeg     . . .     Faith    .   c - +0 ring mail
rPois    .         Spirit   .   (no helmet)
rElec    .         Reflect  .   (no cloak)
rCorr    .         Harm     .   (no gloves)
MR       .....                  (no boots)
Stlth    ++........             (no amulet)
HPRegen  0.12/turn              (no ring)
MPRegen  0.10/turn              (no ring)

@: agile, hasted, very quick
A: change form in water, swift swim, stealthy swim
a: no special abilities


You were on level 3 of the Dungeon.
You were near starving.

You visited 1 branch of the dungeon, and saw 3 of its levels.

You collected 79 gold pieces.

Inventory:

Hand Weapons
 b - a +2 blowgun
 g - a +0 spear
   (You found it on level 1 of the Dungeon)
 o - a +0 halberd (weapon)
   (You took it off a gnoll on level 3 of the Dungeon)
Missiles
 a - 2 curare-tipped needles
Armour
 c - a +0 ring mail (worn)
Scrolls
 e - 2 scrolls of identify
 i - 3 scrolls of remove curse
 k - a scroll of fear {unknown}
Potions
 h - a potion of lignification {unknown}
 l - a potion of invisibility {unknown}
Books
 d - Irphyazy's Compendium of the Frostbite

   Spells                             Type                      Level
   a - Freeze                         Ice                          1
   b - Ozocubu's Armour               Charms/Ice                   3
Comestibles
 f - 2 bread rations {@e1}
 n - a meat ration {@e2}


   Skills:
 - Level 1.5 Fighting
   Level 1.0 Maces & Flails
 + Level 7.7 Polearms
 - Level 1.0 Throwing
 - Level 1.0 Armour
 - Level 1.1 Stealth
 - Level 1.0 Spellcasting
   Level 4.3 Ice Magic


You had 6 spell levels left.
You didn't know any spells.

Dungeon Overview and Level Annotations

Branches:
Dungeon (3/15)

Altars:
Cheibriados
Dithmenos
Elyvilon
Makhleb
Sif Muna
Trog
Xom


Message History

Attack whom?
Aim: a gnoll, wielding a halberd (severely wounded)
You reach to attack!
You barely miss the gnoll.
Attack whom?
Aim: a gnoll, wielding a halberd (severely wounded)
You reach to attack!
You hit the gnoll.
You kill the gnoll!
Attack whom?
Aim: a gnoll You reach to attack!
You barely miss the gnoll.
Attack whom?
Aim: a gnoll You reach to attack!
You hit the gnoll. You closely miss the gnoll. The gnoll barely misses you.
You hit the gnoll but do no damage. You barely miss the gnoll.
The gnoll hits you.
You take 3 damage, and have 27/37 hp.
You hit the gnoll. The gnoll hits you but does no damage.
You hit the gnoll. You hit the gnoll but do no damage.
You barely miss the gnoll. You barely miss the gnoll.
The gnoll hits you but does no damage.
You hit the gnoll but do no damage. The gnoll barely misses you.
You hit the gnoll but do no damage. The gnoll hits you but does no damage.
You hit the gnoll. You hit the gnoll but do no damage.
The gnoll closely misses you.
You hit the gnoll. The gnoll hits you!
You take 7 damage, and have 21/37 hp.
You are too injured to fight recklessly!
You are too injured to fight recklessly!
You are too injured to fight recklessly!
You are too injured to fight recklessly!
You are too injured to fight recklessly!
You hit the gnoll. You hit the gnoll but do no damage. The gnoll hits you!
You take 7 damage, and have 14/37 hp.
You hit the gnoll.
You kill the gnoll!
You hit the gnoll but do no damage. The gnoll hits you!
* * * LOW HITPOINT WARNING * * *
You take 7 damage, and have 7/37 hp.
You barely miss the gnoll. The gnoll hits you but does no damage.
You hit the gnoll. The gnoll hits you but does no damage.
You closely miss the gnoll. You completely miss the gnoll.
The gnoll closely misses you.
You barely miss the gnoll. The gnoll closely misses you.
You hit the gnoll.
You kill the gnoll!
Things that are here:
a halberd; a gnoll corpse
o - a halberd Wield which item (- for none, * to show all)? (? for menu, Esc to quit)
o - a +0 halberd (weapon)
You start resting.
You regained 5 hp, and now have 13/37 hp.
The orc wizard shouts!
The orc wizard mumbles some strange words.
The orc wizard seems to speed up.
As you read the scroll labeled YQAMU FACEPRATS, it crumbles to dust.
It is a scroll of identify.
i - 3 scrolls of remove curse
Okay, then.
A giant cockroach comes into view.
It was a potion of haste.
You feel yourself speed up.
The orc wizard looks braver for a moment.
Attack whom?
Aim: an orc wizard, wielding a dagger and wearing a robe (fast)
You reach to attack!
You closely miss the orc wizard.
The orc wizard miscasts a cantrip.
Attack whom?
Aim: an orc wizard, wielding a dagger and wearing a robe (fast)
You reach to attack!
You barely miss the orc wizard. The giant cockroach bites you.
You take 2 damage, and have 12/37 hp.
The orc wizard gestures at you while chanting.
The magic dart hits you!
* * * LOW HITPOINT WARNING * * *
You take 9 damage, and have 3/37 hp.
MASSIVE DAMAGE!!
Attack whom?
Aim: an orc wizard, wielding a dagger and wearing a robe (fast)
You reach to attack!
You miss the orc wizard.
Attack whom?
Aim: an orc wizard, wielding a dagger and wearing a robe (fast)
You hit the orc wizard. The orc wizard closely misses you. x2
It was a potion of agility.
You feel agile all of a sudden.
Attack whom?
Aim: an orc wizard, wielding a dagger and wearing a robe (moderately wounded, fast)
You hit the orc wizard but do no damage.
The orc wizard hits you with a dagger.
* * * LOW HITPOINT WARNING * * *
The orc wizard hits you but does no damage.
You take 1 damage, and have 2/37 hp.
Attack whom?
Aim: an orc wizard, wielding a dagger and wearing a robe (moderately wounded, fast)
You slash the orc wizard! The orc wizard casts a spell at you.
The puff of flame hits you!
You die...

...........##.###.###
###...........#.....#
#..#####.####.....#
#..# #.# #.....#####.
#..#####.##
#...........
..........# #.....#
#########..# ###†#.#
########$.## ##o#.##
#.......[..###@#s..#
#.######>.....##....#
##.######..####.#....#
.......<...# #.#.#.#
##.#######.# #.#.#.#
#.# #.#.#.# #.#
#.#.#.# #.# #. .= #..


You could see an orc wizard.

Vanquished Creatures
  2 orc priests (D:2)
  An orc wizard (D:3)
  3 gnolls (D:3)
  5 adders (D:2)
  A dart slug (D:1)
  2 orcs (D:2)
  9 bats
  3 goblins
  6 hobgoblins
  3 frilled lizards
  7 kobolds
  7 rats
49 creatures vanquished.

Notes
Turn   | Place    | Note
-------+----------+-------------------------------------------
     0 | D:1      | MackTheKnife the Merfolk Wanderer began the quest for the Orb.
     0 | D:1      | MackTheKnife set off with: 2 curare-tipped needles, a +2 blowgun, a +0 ring mail, Irphyazy's Compendium of the Frostbite, a bread ration {@e1}
     0 | D:1      | Reached XP level 1. HP: 15/15 MP: 2/2
   264 | D:1      | Reached skill level 1 in Polearms
   454 | D:1      | Reached XP level 2. HP: 21/21 MP: 3/3
   462 | D:1      | Reached skill level 2 in Polearms
   617 | D:1      | Reached skill level 3 in Polearms
   817 | D:1      | Reached XP level 3. HP: 26/26 MP: 4/4
   914 | D:1      | You fall through a shaft!
   914 | D:2      | Found a deep blue altar of Sif Muna.
   915 | D:2      | Found a bloodstained altar of Trog.
   915 | D:2      | Found a shimmering altar of Xom.
   916 | D:2      | Found a shadowy altar of Dithmenos.
   916 | D:2      | Found a snail-covered altar of Cheibriados.
   917 | D:2      | Found a white marble altar of Elyvilon.
   917 | D:2      | Found a burning altar of Makhleb.
  1007 | D:2      | Reached skill level 4 in Polearms
  1691 | D:2      | Reached skill level 5 in Polearms
  1691 | D:2      | Reached XP level 4. HP: 18/32 MP: 5/5
  1860 | D:2      | HP: 8/32 [orc priest/divine providence (10)]
  1861 | D:2      | Reached skill level 6 in Polearms
  1861 | D:2      | Reached XP level 5. HP: 9/37 MP: 6/6
  2778 | D:3      | Reached skill level 7 in Polearms
  3008 | D:3      | HP: 7/37 [gnoll (7)]
  3067 | D:3      | HP: 3/37 [orc wizard/magic dart (9)]
  3072 | D:3      | Killed from afar by an orc wizard

Vault maps used:
D:1:      minmay_arrival_checkered_box, hangedman_feature_mirror
D:2:      cheibrodos_pilgrimage, grunt_temple_overflow_open
D:3:      first_bread, uniq_ijyb

Skill      XL: |  1  2  3  4  5 |
---------------+----------------+-----
Polearms       | 1 3 5 6 7 |  7.7
Fighting       | |  1.5
Maces & Flails | |  1.0
Throwing       | |  1.0
Armour         | |  1.0
Stealth        | |  1.1
Spellcasting   | |  1.0
Ice Magic      | |  4.3

Action                   |  1- 3 |  4- 6 || total
-------------------------+-------+-------++-------
Melee: Unarmed           |    56 |       ||    56
       Spear             |   114 |   111 ||   225
       Halberd           |       |     6 ||     6
 Fire: Blowgun           |     1 |       ||     1
  Use: Potion            |       |     2 ||     2
       Scroll            |       |     1 ||     1
  Eat: Chunk             |     2 |     3 ||     5
Armor: Ring mail         |    58 |    33 ||    91
Dodge: Dodged            |    85 |    47 ||   132

Vault maps used:
D:1:      minmay_arrival_checkered_box, hangedman_feature_mirror
D:2:      cheibrodos_pilgrimage, grunt_temple_overflow_open
D:3:      first_bread, uniq_ijyb

Table legend:
 A = Turns spent in this place as a percentage of turns spent in the entire game.
 B = Non-inter-level travel turns spent in this place as a percentage of non-inter-level travel turns spent in the entire game.
 C = Inter-level travel turns spent in this place as a percentage of turns spent in this place.
 D = Turns resting spent in this place as a percentage of non-inter-level travel turns spent in this place.
 E = Turns spent auto-exploring this place as a percentage of non-inter-level travel turns spent in this place.
 F = Non-inter-level travel turns spent in this place divided by the number of levels of this place that you've seen.
                   A       B       C       D       E      F
               +-------+-------+-------+-------+-------+----------------------
         Total | 100.0 | 100.0 |   0.6 |   3.4 |   9.9 | 232.3
       Dungeon | 100.0 | 100.0 |   0.6 |   3.4 |   9.9 | 232.3
               +-------+-------+-------+-------+-------+----------------------

Table legend:
 A = Kills in this place as a percentage of kills in entire the game.
 B = Kills by you in this place as a percentage of kills by you in the entire game.
 C = Kills by friends in this place as a percentage of kills by friends in the entire game.
 D = Other kills in this place as a percentage of other kills in the entire game.
 E = Experience gained in this place as a percentage of experience gained in the entire game.
 F = Experience gained in this place divided by the number of levels of this place that you have seen.
                   A       B       C       D       E      F
               +-------+-------+-------+-------+-------+----------------------
         Total | 100.0 | 100.0 |  -nan |  -nan | 100.0 |  99.7
       Dungeon | 100.0 | 100.0 |  -nan |  -nan | 100.0 |  99.7
               +-------+-------+-------+-------+-------+----------------------
